 Dungeon Crawl Stone Soup version 0.30-a0-172-gc5509c9e31 (webtiles) character file.

Game seed: 11176474889605680118

83907 lorenzova the Sorcerer (level 15, -3/75 HPs)
             Began as a Deep Elf Conjurer on Oct 1, 2022.
             Was a High Priest of Vehumet.
             Shot with an arrow by a centaur warrior (14 damage)
             ... on level 15 of the Dungeon.
             The game lasted 01:05:15 (21114 turns).

lorenzova the Sorcerer (Deep Elf Conjurer)         Turns: 21114, Time: 01:05:16

Health: -3/75      AC: 21    Str:  4    XL:     15   Next: 33%
Magic:  45/52      EV: 10    Int: 44    God:    Vehumet [*****.]
Gold:   1101       SH:  0    Dex: 11    Spells: 21/56 levels left

rFire   . . .      SeeInvis .    h - +9 falchion "Jeah" {vorpal, rCorr Int+6 Dex-2 Stlth+}
rCold   . . .      Faith    .    (no shield)
rNeg    + + .      Spirit   .    M - +5 ring mail of Chimes {Int+2 Stlth+}
rPois   .          Reflect  .    F - +3 hat of Pondering {ponderous, Will+ MP+10 Int+5}
rElec   +          Harm     .    (no cloak)
rCorr   +          Rampage  +    f - +0 pair of gloves
Will    +++..                    v - +2 pair of boots {rampage}
Stlth   +++.......               e - amulet of magic regeneration
HPRegen 0.32/turn                g - +4 ring of slaying
MPRegen 0.73/turn                x - ring of Uskayaw, Brewing {rElec rN++ Will+ AC+4}

@: slow
A: no striking features
a: Renounce Religion


You were on level 15 of the Dungeon.
You worshipped Vehumet.
Vehumet was extremely pleased with you.
You visited 4 branches of the dungeon, and saw 23 of its levels.
You also visited: Sewer and Ossuary.

You collected 1857 gold pieces.
You spent 756 gold pieces at shops.

Inventory:

Hand Weapons
 h - the +9 falchion "Jeah" (weapon) {vorpal, rCorr Int+6 Dex-2 Stlth+}
   (You found it in a sewer)

   It inflicts extra damage upon your enemies.
   Int:       It affects your intelligence (+6).
   Dex:       It affects your dexterity (-2).
   rCorr:     It protects you from acid and corrosion.
   Stlth:     It makes you more stealthy.
 j - the +9 hand axe of Meiti {vorpal, rF+ SInv Stlth-}
   (You found it on level 2 of the Dungeon)

   It inflicts extra damage upon your enemies.
   rF:        It protects you from fire.
   SInv:      It lets you see invisible.
   Stlth:     It makes you less stealthy.
Armour
 f - a +0 pair of gloves (worn)
 v - a +2 pair of boots of rampaging (worn)
 y - a +2 leather armour of cold resistance
 F - the +3 hat of Pondering (worn) {ponderous, Will+ MP+10 Int+5}
   (You took it off Gastronok on level 9 of the Dungeon)

   Int:       It affects your intelligence (+5).
   MP:        It affects your magic capacity (+10).
   Will:      It increases your willpower.
 M - the +5 ring mail of Chimes (worn) {Int+2 Stlth+}
   (You found it on level 1 of the Lair of Beasts)

   Int:       It affects your intelligence (+2).
   Stlth:     It makes you more stealthy.
Magical Staves
 p - a staff of death
 Q - a staff of earth
Jewellery
 e - an amulet of magic regeneration (around neck)
 g - a +4 ring of slaying (left hand)
 m - a ring of protection from cold
 o - a ring of ice
 u - a ring of wizardry
 x - the ring of Uskayaw, Brewing (right hand) {rElec rN++ Will+ AC+4}
   (You found it on level 4 of the Dungeon)

   [ring of protection]

   AC:        It affects your AC (+4).
   rElec:     It insulates you from electricity.
   rN:        It greatly protects you from negative energy.
   Will:      It increases your willpower.
 C - a +6 ring of strength
 R - a ring of see invisible
Wands
 a - a wand of flame (9)
 z - a wand of digging (3)
 E - a wand of paralysis (6)
Scrolls
 d - 9 scrolls of teleportation
 n - a scroll of amnesia
 r - 2 scrolls of blinking
 s - 6 scrolls of identify
 t - 3 scrolls of enchant armour
 w - 4 scrolls of vulnerability
 A - 3 scrolls of poison
 H - a scroll of acquirement
 I - a scroll of brand weapon
 J - a scroll of summoning
 L - a scroll of magic mapping
Potions
 b - 2 potions of magic
 c - 6 potions of flight
 i - 8 potions of mutation
 k - 10 potions of haste
 l - 2 potions of might
 q - 6 potions of attraction
 B - 7 potions of berserk rage
 D - 2 potions of lignification
 G - 4 potions of brilliance
 K - a potion of curing
 N - a potion of resistance
 O - a potion of ambrosia


   Skills:
 + Level 1.9 Fighting
 + Level 11.1 Dodging
 - Level 2.4 Stealth
 * Level 21.2 Spellcasting
 * Level 18.5 Conjurations
 - Level 6.0 Hexes
 - Level 6.0 Translocations
 * Level 9.0 Fire Magic
 * Level 3.5 Air Magic


You had 21 spell levels left.
You knew the following spells:

 Your Spells              Type           Power      Damage    Failure   Level
a - Magic Dart            Conj           100%       1d8       0%          1
b - Searing Ray           Conj           100%       2d8       0%          2
c - Iskenderun's Mystic   Conj/Tloc      100%       2d19      1%          4
d - Fulminant Prism       Conj/Hex       50%        3d23      1%          4
e - Scorch                Fire           100%       2d10      1%          2
f - Fireball              Conj/Fire      53%        3d21      1%          5
l - Lightning Bolt        Conj/Air       48%        1d69      1%          5
o - Orb of Destruction    Conj           59%        9d14      1%          7
z - Iskenderun's Battles  Conj           100%       2d15      1%          5

Your spell library contained the following spells:

 Spells                   Type           Power      Damage    Failure   Level
 Freezing Cloud           Conj/Ice/Air   42%        6-21      1%          5
 Slow                     Hex            100%       N/A       1%          1
 Poisonous Vapours        Pois/Air       100%       N/A       1%          2
 Confusing Touch          Hex            78%        N/A       1%          3
 Dazzling Flash           Conj/Hex       100%       N/A       1%          3
 Conjure Ball Lightning   Conj/Air       48%        3x3d17    1%          6
 Beastly Appendage        Tmut           92%        N/A       2%          1
 Cigotuvi's Dreadful Rot  Necr/Pois/Air  100%       N/A       2%          2
 Wereblood                Tmut           46%        N/A       4%          2
 Spider Form              Tmut/Pois      46%        N/A       8%          3
 Vampiric Draining        Necr           46%        2d9       8%          3
 Leda's Liquefaction      Hex/Erth       32%        N/A       8%          4
 Lee's Rapid Deconstruct  Erth           23%        3d14*     19%         5
 Statue Form              Tmut/Erth      30%        N/A       99%         6


Dungeon Overview and Level Annotations

Branches:
Dungeon (15/15)            Temple (1/1) D:6            Lair (5/5) D:10
 Shoals (0/4) Lair:3        Snake (0/4) Lair:2        Slime (0/5) Lair:5
    Orc (2/2) D:10            Elf (0/3) Orc:2        Vaults (0/5) D:13
  Sewer (visited)         Ossuary (visited)
 Depths: D:15

Altars:
Ashenzari
Cheibriados
Dithmenos
Elyvilon
Fedhas
Gozag
Hepliaklqana
Kikubaaqudgha
Makhleb
Nemelex Xobeh
Okawaru
Qazlal
Ru
Sif Muna
Trog
Uskayaw
Vehumet
Wu Jian
Xom
Yredelemnul
Zin
The Shining One
Jiyva

Shops:
D:9 =(((   D:10 (   Orc:2 (:(=

Portals:
Hell: Lair:5

Annotations:
D:6 exclusion: downstairs


Message History

You hear a horrible gurgling sound!
Found 22 gold pieces.
Found a stone staircase leading up.
There is a stone staircase leading up here.
Casting: Iskenderun's Mystic Blast (safe; 1% risk of failure)
Confirm with . or Enter, or press ? or * to list all spells.
You erupt in a blast of force!
The mystic blast hits the yaktaur!!
The yaktaur is heavily wounded.
The yaktaur is knocked back by the mystic blast.
The yaktaur slams into the rock wall!
The yaktaur is severely wounded.
The mystic blast hits the yaktaur!!!
The yaktaur is almost dead.
The yaktaur is knocked back by the mystic blast.
The mystic blast hits the yaktaur!!
The yaktaur is moderately wounded.
The yaktaur is knocked back by the mystic blast.
The yaktaur slams into the rock wall!
The yaktaur is heavily wounded.
The mystic blast hits the yaktaur.
The yaktaur is lightly wounded.
The yaktaur is knocked back by the mystic blast.
The yaktaur slams into the stone wall!
The yaktaur is moderately wounded.
You hear a horrible gurgling sound!
Unknown command.
Casting: Iskenderun's Mystic Blast (safe; 1% risk of failure)
Confirm with . or Enter, or press ? or * to list all spells.
You conjure a globe of magical energy.
A centaur warrior comes into view.
The yaktaur wields a +0 arbalest.
The yaktaur shoots a bolt.
The bolt hits you!
The yaktaur wields a +0 arbalest.
The yaktaur shoots a bolt.
The bolt hits you!
The yaktaur wields a +0 arbalest.
The yaktaur shoots a bolt.
The bolt completely misses you.
The yaktaur wields a +0 arbalest.
The yaktaur shoots a bolt.
The bolt hits you.
The centaur warrior wields a +0 shortbow.
The centaur warrior shoots an arrow.
The arrow hits you!
The yaktaur shoots a bolt.
The bolt hits you!!
* * * LOW HITPOINT WARNING * * *
The centaur warrior shoots an arrow.
The arrow hits you!
You die...

#.........#
#.........#
#.........#
#.........#
#........c#
#.c......c#
#.........#
#.....@...#
#.....*...#
c....c$........
#######..J..u..
##...J...
#J..... ...u..
......


You could see 2 ugly things, 3 slime creatures, a centaur warrior, 4 yaktaurs
and a friendly battlesphere.

Vanquished Creatures
  Gastronok (D:9)
  Nessos (Lair:5)
  2 dire elephants (Lair:5)
  The ghost of WhatIsLove the Fighter, a journeyman DjCj of Makhleb (D:10)
  8 hydras
  A rakshasa (D:11)
  The ghost of DocSulfur the Cardsharp, a journeyman HOFi of Nemelex Xobeh (D:10)
  2 centaur warriors
  3 boulder beetles
  Erica (D:8)
  3 tengu warriors
  8 two-headed ogres
  The ghost of Yvirchipe the Destroyer, a journeyman DECj of Vehumet (Lair:1)
  5 orc high priests (Orc:2)
  A sun demon (Lair:5)
  Amaemon (Lair:2)
  A lindwurm (Lair:5)
  A necromancer (D:13)
  2 wizards
  Pikel (D:6)
  A wolf spider (Lair:3)
  2 orc sorcerers
  5 orc knights (Orc:2)
  4 ugly things
  2 manticores
  3 oklob plants
  2 cyclopes
  14 elephants
  The ghost of zero the Conjurer, a novice GrRe of Makhleb (D:7)
  A moth of wrath (D:10)
  5 black mambas
  3 torpor snails
  3 orange demons
  Maggie (D:6)
  3 gargoyles
  7 cane toads
  A rime drake (Lair:5)
  A yaktaur (D:11)
  A hellwing (Lair:5)
  8 komodo dragons
  3 ice devils (Lair:5)
  2 polar bears
  5 trolls
  Prince Ribbit (D:5)
  A hornet (Lair:2)
  27 blink frogs
  5 dream sheep
  16 slime creatures
  A vampire (D:11)
  A centaur simulacrum (D:14)
  3 wraiths
  53 yaks
  7 wyverns
  6 basilisks
  Grum (D:8)
  2 steam dragons (D:10)
  2 vampire mosquitoes (D:10)
  A warg (Orc:2)
  A naga (shapeshifter) (D:14)
  2 nagas (Lair:2)
  An acid dragon (D:10)
  11 water moccasins
  Duvessa (D:6)
  5 hell hounds (Lair:5)
  An ice beast (D:5)
  Pargi (Sewer)
  24 orc warriors
  3 sky beasts
  21 wolves
  4 ogres
  11 centaurs
  4 lemures (D:6)
  2 phantoms
  A kobold brigand (D:8)
  An elf zombie (Ossuary)
  13 bullfrogs
  2 gnoll sergeants
  A scorpion (D:4)
  2 necrophages (D:5)
  4 wights (D:7)
  Dowan (D:6)
  12 killer bees
  6 electric eels
  A howler monkey (D:7)
  4 centaur zombies
  A hound (shapeshifter) (D:11)
  6 jellies
  2 gnoll boudas (D:8)
  27 orc priests
  2 hounds
  3 iguanas
  8 orc wizards
  2 mummies (Ossuary)
  A howler monkey zombie (D:10)
  15 gnolls
  6 adders
  An ufetubus (D:6)
  An adder zombie (Ossuary)
  A worm (D:5)
  3 dart slugs
  67 orcs
  7 bats
  4 endoplasms
  4 giant cockroaches
  10 goblins
  6 hobgoblins
  6 quokkas
  6 ball pythons
  4 frilled lizards
  3 goblin zombies (Ossuary)
  8 hobgoblin zombies (Ossuary)
  A jackal zombie (Ossuary)
  11 kobolds
  9 kobold zombies (Ossuary)
  10 orc zombies (Ossuary)
  A rat (D:1)
  A rat zombie (Ossuary)
627 creatures vanquished.

Vanquished Creatures (others)
  55 fulminant prisms
  55 fungi
  131 plants
  2 withered plants (D:7)
243 creatures vanquished.

Grand Total: 870 creatures vanquished

Notes
Turn   | Place    | Note
-------+----------+-------------------------------------------
     0 | D:1      | lorenzova the Deep Elf Conjurer began the quest for the
                  | Orb.
     0 | D:1      | Reached XP level 1. HP: 10/10 MP: 6/6
    94 | D:1      | Reached XP level 2. HP: 15/15 MP: 0/8
   753 | D:1      | Reached skill level 4 in Spellcasting
  1041 | D:2      | Reached skill level 5 in Conjurations
  1041 | D:2      | Reached XP level 3. HP: 19/19 MP: 8/10
  1183 | D:2      | Identified the +9 hand axe of Meiti {vorpal, rF+ SInv
                  | Stlth-}
  1737 | D:2      | Reached XP level 4. HP: 19/24 MP: 8/12
  1760 | D:2      | Learned a level 2 spell: Searing Ray
  1804 | D:3      | Noticed a sky beast
  1808 | D:3      | Killed a sky beast
  1809 | D:3      | Reached skill level 5 in Spellcasting
  1809 | D:3      | Reached XP level 5. HP: 28/28 MP: 10/15
  2394 | D:4      | Reached skill level 6 in Spellcasting
  2658 | D:4      | Noticed an ogre
  2669 | D:4      | Killed an ogre
  2670 | D:4      | Reached XP level 6. HP: 32/32 MP: 12/17
  2764 | D:4      | Reached skill level 7 in Spellcasting
  2795 | D:4      | Found a sacrificial altar of Ru.
  2873 | D:4      | Identified the ring of Uskayaw, Brewing {rElec rN++ Will+
                  | AC+4}
  3035 | D:4      | Reached XP level 7. HP: 27/36 MP: 20/20
  3208 | D:5      | Entered Level 5 of the Dungeon
  3214 | D:5      | Reached skill level 8 in Spellcasting
  3280 | D:5      | Learned a level 4 spell: Iskenderun's Mystic Blast
  3285 | D:5      | Learned a level 4 spell: Fulminant Prism
  3429 | D:5      | Found a blossoming altar of Fedhas.
  3445 | D:5      | Noticed an oklob plant
  3604 | D:5      | Reached skill level 9 in Spellcasting
  3783 | D:5      | Reached XP level 8. HP: 41/41 MP: 20/23
  3792 | D:5      | Found a white marble altar of Elyvilon.
  3792 | D:5      | Noticed Prince Ribbit
  3801 | D:5      | Killed Prince Ribbit
  4536 | D:6      | Reached skill level 10 in Spellcasting
  4536 | D:6      | Found a staircase to the Ecumenical Temple.
  4544 | Temple   | Entered the Ecumenical Temple
  4559 | Temple   | Became a worshipper of Vehumet
  4774 | D:6      | Noticed Pikel
  4963 | D:6      | Found a glowing drain.
  4972 | Sewer    | Entered a sewer
  5000 | Sewer    | Noticed Pargi
  5006 | Sewer    | Killed Pargi
  5021 | Sewer    | Identified the +9 falchion "Jeah" {vorpal, rCorr Int+6
                  | Dex-2 Stlth+}
  5217 | D:6      | Noticed Duvessa
  5237 | D:6      | Noticed Dowan
  5716 | D:6      | Noticed Maggie
  5731 | D:6      | Killed Maggie
  5732 | D:6      | Reached skill level 11 in Spellcasting
  5732 | D:6      | Reached skill level 1 in Hexes
  5732 | D:6      | Reached skill level 1 in Translocations
  5802 | D:6      | Killed Pikel
  5803 | D:6      | Reached skill level 10 in Conjurations
  5803 | D:6      | Reached XP level 9. HP: 7/45 MP: 17/26
  6069 | D:7      | Noticed a two-headed ogre
  6336 | D:7      | Found a runed translucent door.
  6337 | D:7      | Noticed zero's ghost (novice GrRe)
  6728 | D:7      | Killed a two-headed ogre
  6728 | D:7      | Reached * piety under Vehumet
  6728 | D:7      | Offered knowledge of Kiss of Death by Vehumet.
  6729 | D:7      | Reached skill level 12 in Spellcasting
  7144 | D:8      | Noticed Erica
  7147 | D:8      | Noticed a two-headed ogre
  7151 | D:8      | Killed Erica
  7152 | D:8      | Reached skill level 5 in Hexes
  7152 | D:8      | Reached XP level 10. HP: 39/50 MP: 19/28
  7158 | D:8      | Killed a two-headed ogre
  7159 | D:8      | Reached skill level 13 in Spellcasting
  7346 | D:8      | Noticed Grum
  7434 | D:8      | Killed Grum
  7640 | D:8      | Reached ** piety under Vehumet
  7640 | D:8      | Offered knowledge of Momentum Strike by Vehumet.
  7652 | D:8      | Found a sand-covered staircase.
  7657 | Ossuary  | Entered an ossuary
  7787 | Ossuary  | Reached skill level 5 in Translocations
  7796 | Ossuary  | Offered knowledge of Scorch by Vehumet.
  8404 | D:9      | Noticed Gastronok
  8411 | D:9      | Reached *** piety under Vehumet
  8477 | D:9      | Killed Gastronok
  8478 | D:9      | Reached skill level 14 in Spellcasting
  8512 | D:9      | Found Suobrea's Weapon Shoppe.
  8554 | D:9      | Learned a level 2 spell: Scorch
  8560 | D:9      | Found Ommum's Weapon Boutique.
  8606 | D:9      | Noticed a two-headed ogre
  8609 | D:9      | Killed a two-headed ogre
  8610 | D:9      | Reached XP level 11. HP: 36/54 MP: 31/31
  8870 | D:9      | Found Ciobas's Jewellery Boutique.
  8919 | D:9      | Found an ancient bone altar of Kikubaaqudgha.
  8919 | D:9      | Found a hazy altar of Hepliaklqana.
  9012 | D:9      | Found Toryagiunk's Antique Weapon Emporium.
  9098 | D:10     | Entered Level 10 of the Dungeon
  9119 | D:10     | Offered knowledge of Inner Flame by Vehumet.
  9182 | D:10     | Identified the +8 shortbow of Bodily Humours {flame, Drain
                  | Fragile rN++ rCorr}
  9188 | D:10     | Found a staircase to the Orcish Mines.
  9208 | D:10     | Found a transporter.
  9229 | D:10     | Noticed DocSulfur's ghost (journeyman HOFi)
  9231 | D:10     | Found Ziojun's Antique Weapon Shop.
  9250 | D:10     | Noticed a two-headed ogre
  9258 | D:10     | Killed a two-headed ogre
  9304 | D:10     | Found a transporter.
  9395 | D:10     | Found a staircase to the Lair.
  9410 | D:10     | Reached skill level 15 in Spellcasting
  9515 | D:10     | Found a runed translucent gate.
  9515 | D:10     | Found a runed translucent gate.
  9515 | D:10     | Found a runed translucent gate.
  9515 | D:10     | Noticed WhatIsLove's ghost (journeyman DjCj)
  9517 | D:10     | Found a basalt altar of Yredelemnul.
  9692 | D:10     | Found an opulent altar of Gozag.
  9959 | D:11     | Reached **** piety under Vehumet
 10164 | D:11     | Noticed a cyan ugly thing
 10178 | D:11     | Killed a cyan ugly thing
 10341 | D:11     | Noticed a two-headed ogre
 10346 | D:11     | Killed a two-headed ogre
 10354 | D:11     | Noticed a two-headed ogre
 10363 | D:11     | Killed a two-headed ogre
 10364 | D:11     | Reached skill level 5 in Dodging
 10364 | D:11     | Reached skill level 16 in Spellcasting
 10407 | D:11     | Noticed a rakshasa
 10407 | D:11     | Noticed a tengu warrior
 10490 | Lair:1   | Entered Level 1 of the Lair of Beasts
 10495 | Lair:1   | Offered knowledge of Olgreb's Toxic Radiance by Vehumet.
 10501 | Lair:1   | Reached XP level 12. HP: 59/59 MP: 29/34
 10559 | Lair:1   | Found a runed translucent gate.
 10559 | Lair:1   | Found a runed translucent gate.
 10559 | Lair:1   | Found a runed translucent gate.
 10925 | Lair:1   | Noticed Yvirchipe's ghost (journeyman DECj)
 10953 | Lair:1   | Found a viscous altar of Jiyva.
 10961 | Lair:1   | Killed Yvirchipe's ghost
 10969 | Lair:1   | Identified the +5 ring mail of Chimes {Int+2 Stlth+}
 11169 | Lair:2   | Noticed a five-headed hydra
 11181 | Lair:2   | Killed a five-headed hydra
 11182 | Lair:2   | Reached skill level 1 in Fire Magic
 11186 | Lair:2   | Noticed a five-headed hydra
 11302 | Lair:2   | Killed a five-headed hydra
 11424 | Lair:2   | Noticed Amaemon
 11433 | Lair:2   | Reached skill level 17 in Spellcasting
 11437 | Lair:2   | Killed Amaemon
 11438 | Lair:2   | Reached skill level 15 in Conjurations
 11492 | Lair:2   | Noticed a four-headed hydra
 11501 | Lair:2   | Killed a four-headed hydra
 11506 | Lair:2   | Found a staircase to the Snake Pit.
 11518 | Lair:2   | Reached ***** piety under Vehumet
 12135 | Lair:2   | Offered knowledge of Starburst by Vehumet.
 12902 | Lair:3   | Found a staircase to the Shoals.
 12927 | Lair:3   | Reached XP level 13. HP: 63/63 MP: 36/36
 12931 | Lair:3   | Reached skill level 18 in Spellcasting
 13704 | Lair:4   | Offered knowledge of Eringya's Noxious Bog by Vehumet.
 13756 | Lair:4   | Reached skill level 5 in Fire Magic
 13856 | Lair:4   | Identified the +0 robe of the Shining Light {+Blink Regen+
                  | Str+4}
 14365 | Lair:5   | Entered Level 5 of the Lair of Beasts
 14625 | Lair:5   | Identified the +10 trident "Ecustreu" {spect, Stlth+}
 14688 | Lair:5   | Reached skill level 19 in Spellcasting
 14781 | Lair:5   | Identified the +7 shortbow of Contention {freeze, rElec
                  | Int+2}
 14845 | Lair:5   | Reached XP level 14. HP: 68/68 MP: 39/39
 15311 | Lair:5   | Found a burning altar of Makhleb.
 15330 | Lair:5   | Reached skill level 20 in Spellcasting
 15349 | Lair:5   | Found a gateway to Hell.
 15402 | Lair:5   | Noticed Nessos
 15408 | Lair:5   | Killed Nessos
 15409 | Lair:5   | Reached skill level 10 in Dodging
 15721 | Lair:5   | Found a staircase to the Slime Pits.
 15721 | Lair:5   | Found a viscous altar of Jiyva.
 15978 | Orc:1    | Entered Level 1 of the Orcish Mines
 16087 | Orc:2    | Entered Level 2 of the Orcish Mines
 16135 | Orc:2    | Found a staircase to the Elven Halls.
 16308 | Orc:2    | HP: 1/68 [orc priest/divine providence (10)]
 16329 | Orc:2    | Offered knowledge of Lightning Bolt by Vehumet.
 16518 | Orc:2    | Found Etecsy's Weapon Shop.
 16521 | Orc:2    | Found Zeurr's Antique Weapon Shop.
 16522 | Orc:2    | Found Xeneariluul's Jewellery Shop.
 16523 | Orc:2    | Found Yloan's Book Boutique.
 16529 | Orc:2    | Bought a book of the Spheres for 756 gold pieces
 16650 | Orc:1    | Learned a level 5 spell: Lightning Bolt
 16656 | Orc:1    | Learned a level 5 spell: Iskenderun's Battlesphere
 16662 | Orc:1    | Learned a level 5 spell: Fireball
 16670 | Orc:1    | Learned a level 7 spell: Orb of Destruction
 17399 | D:10     | Killed WhatIsLove's ghost
 17440 | D:10     | Reached skill level 1 in Air Magic
 17443 | D:10     | Killed DocSulfur's ghost
 17590 | D:7      | Killed zero's ghost
 17613 | D:6      | Killed Dowan
 17619 | D:6      | Killed Duvessa
 18452 | D:12     | Reached ****** piety under Vehumet
 18452 | D:12     | Offered knowledge of Freezing Cloud by Vehumet.
 18456 | D:12     | Reached skill level 1 in Fighting
 18456 | D:12     | Reached XP level 15. HP: 74/74 MP: 39/41
 18771 | D:12     | Identified the +0 leather armour "Viosodar" {rN+ Dex+4}
 18819 | D:12     | Found a glowing silver altar of Zin.
 18883 | D:12     | Identified the +0 long sword "Nuonuemo" {vorpal, rN+ Str-3
                  | Int+4 Dex+3}
 18967 | D:12     | Reached skill level 21 in Spellcasting
 19686 | D:12     | Identified a scroll of acquirement
 20014 | D:13     | Found a gate to the Vaults.
 21111 | D:15     | Entered Level 15 of the Dungeon
 21114 | D:15     | Shot with an arrow by a centaur warrior

Illustrated notes

Levels and vault maps discovered:
D:1:      tarquinn_simple_flora_water_a, layout_rooms
D:2:      layout_loops_ring
D:3:      layout_rooms, minmay_misc_feat_secret_circle
D:4:      layout_loops_cross, kennysheep_mini_moat
D:5:      layout_loops_ring, tgw_fedhas, mainiacjoe_overflow_six_doors_small,
          uniq_prince_ribbit1
D:6:      layout_loops_corners, minmay_temple_entry_gardened_gates,
          portal_sewer_entry_d, uniq_pikel, uniq_maggie, uniq_duvessa
D:7:      layout_gridville, gammafunk_ghost_grave
D:8:      layout_loops_ring, enter_ossuary_2, nicolae_sextant, uniq_erica,
          uniq_grum
D:9:      layout_roguey, gammafunk_temple_overflow_wave, serial_shops,
          nicolae_shop_bloodbath_and_beyond, nicolae_square_shop,
          nicolae_diamond_shop, nicolae_shop_crystal, uniq_gastronok
D:10:     kennysheep_steamy, layout_irregular_city,
          lemuel_coloured_pillars_altar, nicolae_yredelemnul_ghost_church,
          orc_0_dummy, serial_shops, shop, gammafunk_ghost_berserking_beasts
D:11:     layout_small_grid, chequers_jeans, minmay_radiant
D:12:     layout_basic, minmay_misc_feat_diagonals, zin_treasury
D:13:     layout_loops_ring, david_vaults_1
D:14:     layout_roguey, serial_park_tiny_pond
D:15:     grunt_enter_depths_hoard, layout_cross, portal_ice_cave_entry_dragon,
          nicolae_elyvilon_peaceful_grove, uniq_azrael
Temple:   hellmonk_temple_two_chambers
Lair:1:   layout_concentric_octagons, gammafunk_ghost_ooze, beast_lair_carwin_4,
          infiniplex_staircase_pool, serial_bayou_shore_b
Lair:2:   dpeg_oklob_gauntlet, layout_loops_ring, guppyfry_snake_entry_garden,
          minivault_11, chequers_serial_rivers_large_a, uniq_amaemon
Lair:3:   layout_roguey, elwin_shoals_entry_rocks,
          nicolae_lair_run_with_the_wolves
Lair:4:   layout_cave_pods, nicolae_quartered_pool_impasse,
          chequers_serial_rivers_small_a
Lair:5:   evil_forest, layout_big_grid, slime_entry_1,
          chequers_serial_rivers_micro_e, minmay_lair_oklob_bushes,
          serial_bayou_lake_a, uniq_nessos
Orc:1:    layout_caves
Orc:2:    st_orc_pillars, layout_caves

Skill      XL: |  1  2  3  4  5  6  7  8  9 10 11 12 13 14 15 |
---------------+----------------------------------------------+-----
Spellcasting   | 4 5 6 7 9 11 12 14 16 17 19 20 21 | 21.2
Conjurations   | 5 6 7 8 10 11 12 14 15 17 18 | 18.5
Hexes          | 2 5 6 |  6.0
Translocations | 2 4 5 6 |  6.0
Dodging        | 5 7 9 10 11 | 11.1
Fire Magic     | 4 6 8 9 |  9.0
Air Magic      | 2 3 |  3.5
Fighting       | 1 |  1.9
Stealth        | |  2.4

Action                   |  1- 3 |  4- 6 |  7- 9 | 10-12 | 13-15 || total
-------------------------+-------+-------+-------+-------+-------++-------
Melee: Hand axe          |       |     5 |   119 |    52 |     6 ||   182
       Punch             |       |       |     1 |       |       ||     1
       Falchion          |       |       |       |       |    17 ||    17
 Cast: Magic Dart        |    58 |    56 |    79 |    20 |    60 ||   273
       Searing Ray       |       |     5 |    20 |    19 |     1 ||    45
       Fulminant Prism   |       |       |    10 |    25 |    20 ||    55
       Iskenderun's Myst |       |       |       |   184 |   253 ||   437
       Fireball          |       |       |       |       |    66 ||    66
       Iskenderun's Batt |       |       |       |       |    29 ||    29
       Lightning Bolt    |       |       |       |       |     1 ||     1
       Orb of Destructio |       |       |       |       |     2 ||     2
  Use: Scroll            |       |       |    13 |    11 |     3 ||    27
       Potion            |       |       |       |     1 |     8 ||     9
Armor: Robe              |       |       |    18 |       |       ||    18
       Troll leather arm |       |       |    22 |    39 |       ||    61
       Ring mail         |       |       |       |    10 |    41 ||    51
Dodge: Dodged            |     4 |     6 |    71 |    73 |    48 ||   202

Table legend: (Time is in decaauts)
 A = Elapsed time spent in this place.
 B = Non-inter-level travel time spent in this place.
 C = Inter-level travel time spent in this place.
 D = Time resting spent in this place.
 E = Time spent auto-exploring this place.
 F = Levels seen in this place.
 G = Mean time per level.
                   A        B        C        D        E       F      G
               +--------+--------+--------+--------+--------+-----+--------+
         Total |  22114 |  20188 |   1926 |   4627 |  11878 |  25 |  884.6 |
       Dungeon |  14587 |  13140 |   1447 |   3259 |   7621 |  15 |  972.5 |
        Temple |     20 |     20 |      0 |      0 |     10 |   1 |   20.0 |
          Lair |   5836 |   5493 |    343 |   1127 |   3430 |   5 | 1167.2 |
  Orcish Mines |   1221 |   1086 |    135 |    102 |    731 |   2 |  610.5 |
         Sewer |     84 |     84 |      0 |      3 |     14 |   1 |   84.0 |
       Ossuary |    364 |    364 |      0 |    136 |     72 |   1 |  364.0 |
               +--------+--------+--------+--------+--------+-----+--------+

Top non-repeatable levels by time:
     D:6: 1769 daAuts
  Lair:5: 1619 daAuts
     D:5: 1555 daAuts
    D:12: 1518 daAuts
    D:10: 1306 daAuts
  Lair:3: 1254 daAuts
     D:7: 1170 daAuts
  Lair:4: 1142 daAuts
  Lair:2: 1001 daAuts
    D:11: 955 daAuts
     D:4: 952 daAuts
     D:1: 937 daAuts
     D:2: 898 daAuts
   Orc:2: 847 daAuts
  Lair:1: 818 daAuts
